 Dungeon Crawl Stone Soup version 0.28-a0-1395-g4f6bc678fa (webtiles) character file.

Game seed: 11480307069291814328

28856 sanka the Basher (level 13, -1/104 HPs)
             Began as a Gnoll Cinder Acolyte on Jan 3, 2022.
             Was a High Priest of Ignis.
             Slain by Snorg (18 damage)
             ... on level 4 of the Lair of Beasts on Jan 4, 2022.
             The game lasted 00:35:35 (17468 turns).

sanka the Basher (Gnoll Cinder Acolyte)            Turns: 17468, Time: 00:35:36

Health: -1/104     AC: 10    Str: 14    XL:     13   Next: 41%
Magic:  6/8        EV: 14    Int: 17    God:    Ignis [*****.]
Gold:   589        SH:  5    Dex:  9    Spells: 16/29 levels left

rFire   + . .      SeeInvis .   a - +5 demon whip "Spellbinder" {antimagic, Will+}
rCold   . . .      Faith    .   v - +0 buckler
rNeg    . . .      Spirit   .   E - +1 robe of Vines {NoPotionHeal Regen++++}
rPois   .          Reflect  .   K - +2 helmet
rElec   .          Harm     .   k - +2 cloak {Will+}
rCorr   .          Rampage  .   (no gloves)
Will    +++..                   (no boots)
Stlth   ++++......              I - amulet of the acrobat
HPRegen 3.47/turn               J - +4 ring of slaying
MPRegen 0.11/turn               r - ring of willpower

@: no status effects
A: fangs 1, strong nose, distributed training
a: Renounce Religion, Fiery Armour, Foxfire Swarm, Rising Flame


You were on level 4 of the Lair of Beasts.
You worshipped Ignis.
Ignis was extremely pleased with you.
You visited 3 branches of the dungeon, and saw 16 of its levels.
You also visited: Bailey.

You collected 1366 gold pieces.
You spent 777 gold pieces at shops.


Innate Abilities, Weirdness & Mutations

You have very sharp teeth.
Your uncanny sense of smell can sniff out nearby items.
Your experience applies equally to all skills.


   Skills:
 + Level 10.6 Fighting
 + Level 8.2 Short Blades
 + Level 8.2 Long Blades
 + Level 8.2 Axes
 + Level 10.6 Maces & Flails
 + Level 8.2 Polearms
 + Level 8.2 Staves
 + Level 8.2 Slings
 + Level 8.2 Bows
 + Level 8.2 Crossbows
 + Level 8.2 Throwing
 + Level 8.2 Armour
 + Level 8.2 Dodging
 + Level 8.2 Stealth
 + Level 8.2 Shields
 + Level 8.2 Unarmed Combat
 + Level 8.8 Spellcasting
 + Level 6.9 Conjurations
 + Level 6.9 Hexes
 + Level 6.9 Summonings
 + Level 6.9 Necromancy
 + Level 6.9 Translocations
 + Level 6.9 Transmutations
 + Level 8.9 Fire Magic
 + Level 6.9 Ice Magic
 + Level 6.9 Air Magic
 + Level 6.9 Earth Magic
 + Level 6.9 Poison Magic
 + Level 9.0 Invocations
 + Level 8.2 Evocations


You had 16 spell levels left.
You knew the following spells:

 Your Spells              Type           Power      Damage    Failure   Level
i - Flame Wave            Conj/Fire      34%        2d7       3%          4
u - Frozen Ramparts       Ice            60%        1d8       1%          3
y - Scorch                Fire           74%        2d8       1%          2
Z - Summon Lightning Spi  Summ/Air       30%        N/A       5%          4

Your spell library contained the following spells:

 Spells                   Type           Power      Damage    Failure   Level
 Beastly Appendage        Tmut           60%        N/A       1%          1
 Foxfire                  Conj/Fire      100%       2x1d9     1%          1
 Freeze                   Ice            100%       1d11      1%          1
 Magic Dart               Conj           100%       1d8       1%          1
 Pain                     Necr           100%       1d9       1%          1
 Call Imp                 Summ           30%        N/A       1%          2
 Wereblood                Tmut           30%        N/A       1%          2
 Conjure Flame            Conj/Fire      34%        6-21      1%          3
 Inner Flame              Hex/Fire       34%        N/A       1%          3
 Mephitic Cloud           Conj/Pois/Air  30%        N/A       1%          3
 Spider Form              Tmut/Pois      30%        N/A       1%          3
 Hailstorm                Conj/Ice       30%        3d8       5%          4
 Agony                    Necr           30%        N/A       16%         5
 Excruciating Wounds      Necr           15%        N/A       16%         5
 Storm Form               Tmut/Air       15%        N/A       99%         7
 Maxwell's Capacitive Co  Air            15%        ∞         100%        8

Inventory:

Hand Weapons
 a - the +5 demon whip "Spellbinder" (weapon) {antimagic, Will+}

   It reduces the magical energy of the wielder, and disrupts the spells and
   magical abilities of those it strikes.
   Natural abilities and divine invocations are not affected.
   It unleashes wild and unpredictable magical effects upon striking a wizard or
   a creature with magical abilities.
   Will:      It increases your willpower.
 G - the +5 trident "Xoon" {distort, *Corrode rN+ Int+8}

   It warps and distorts space around it, and may blink, banish, or inflict
   extra damage upon those it strikes.
   Unwielding it can cause banishment or high damage.
   Int:       It affects your intelligence (+8).
   rN:        It protects you from negative energy.
   *Corrode:  It may corrode you when you take damage.
 O - a +2 war axe of electrocution
Missiles
 b - 6 throwing nets {=f}
Armour
 k - a +2 cloak of willpower (worn)
 n - a +3 leather armour of cold resistance
 v - a +0 buckler (worn)
 B - the +2 leather armour "Zyoha" {rN+ rCorr MP+9} rN: It protects you from negative energy. MP: It affects your magic capacity (+9). rCorr: It protects you from acid and corrosion.
 E - the +1 robe of Vines (worn) {NoPotionHeal Regen++++} Its wearer cannot be healed by potions. Regen: It increases your rate of health regeneration.
 K - a +2 helmet (worn)
Magical Staves
 i - a staff of air
Jewellery
 r - a ring of willpower (right hand)
 I - an amulet of the acrobat (around neck)
 J - a +4 ring of slaying (left hand)
 Q - a ring of ice
Wands
 u - a wand of digging (20)
 M - a wand of acid (1)
 N - a wand of flame (1)
Scrolls
 d - 5 scrolls of vulnerability {!r}
 l - 2 scrolls of blinking
 o - 7 scrolls of teleportation {@r4}
 p - a scroll of acquirement
 t - 3 scrolls of fear
 x - 4 scrolls of magic mapping
 y - 2 scrolls of enchant weapon
 z - a scroll of enchant armour
 A - 3 scrolls of fog
 F - 2 scrolls of silence {!r}
 L - 3 scrolls of amnesia
Potions
 c - 3 potions of flight
 e - a potion of magic
 f - 5 potions of haste {@q3}
 g - 3 potions of heal wounds {@q2}
 m - 5 potions of curing {@q1}
 q - 5 potions of degeneration {unknown}
 w - 2 potions of invisibility
 C - a potion of mutation {unknown}
 H - a potion of might {unknown}
 P - 3 potions of brilliance {unknown}
 R - 2 potions of cancellation {unknown}
Miscellaneous
 D - a condenser vane (inert)

Dungeon Overview and Level Annotations

Branches:
Dungeon (11/15)            Temple (1/1) D:5            Lair (4/6) D:11
  Snake (0/4) Lair:3       Spider (0/4) Lair:3          Orc (0/2) D:10
 Bailey (visited)

Altars:
Ashenzari
Cheibriados
Dithmenos
Elyvilon
Fedhas
Gozag
Hepliaklqana
Kikubaaqudgha
Makhleb
Nemelex Xobeh
Okawaru
Qazlal
Ru
Sif Muna
Trog
Uskayaw
Vehumet
Wu Jian
Xom
Yredelemnul
Zin
The Shining One

Shops:
D:3 (?!(   D:5 *   D:10 ?   D:11 :

Annotations:
D:6 2 runed translucent doors
Lair:4 Snorg

.........................
......(..........†.......
▒▒..[<..▒.▒.▒..P#.▒▒..f.
▒......▒▒▒▒▒▒▒▒.##▒ .
.▒......▒ . ▒▒##▒
▒.....f▒ ....▒▒..▒ ..
..................▒ ....
.▒▒.....▒.▒.f▒▒▒T.+.....
. ▒......▒..▒▒▒.g...▒
.................▒▒
...............
................
..........!.....
....?...........
..............♣♣
............▒.♣
f▒.▒▒.▒▒....♣♣♣


You could see Snorg (berserk).


Message History

You feel sick.
Unknown command.
You whack Snorg!
Snorg is severely wounded.
You feel sick.
The wall freezes Snorg.
You block Snorg's attack. Snorg claws you!
* * * LOW HITPOINT WARNING * * *
Snorg closely misses you.
Blink to where?
Your frozen ramparts will break if you move.
Continue?
The frozen ramparts melt away as you move.
As you read the scroll of blinking, it crumbles to dust.
You feel sick.
You are no longer poisoned.
Unknown command.
Aiming: Corrosive Bolt
Okay, then.
Clouds of flame condense around you!
The condenser dries out!
Snorg is engulfed in blazing flames.
Snorg is engulfed in blazing flames.
Aiming: Corrosive Bolt
Aim: Snorg (almost dead, berserk, 74% to hit)
The bolt of acid hits Snorg!!
Snorg is almost dead.
You block Snorg's attack. Snorg claws you!!
You die...

Action                   |  1- 3 |  4- 6 |  7- 9 | 10-12 | 13-15 || total
-------------------------+-------+-------+-------+-------+-------++-------
Melee: Mace              |   106 |    50 |       |       |       ||   156
       Bite              |     3 |    10 |     8 |    52 |    23 ||    96
       Demon whip        |       |    73 |   174 |   797 |   163 ||  1207
       Unarmed           |       |       |     2 |       |       ||     2
       Punch             |       |       |     1 |       |       ||     1
 Cast: Scorch            |     3 |     2 |    33 |    21 |       ||    59
       Summon Lightning  |       |       |       |     1 |       ||     1
       Frozen Ramparts   |       |       |       |     9 |     6 ||    15
Invok: Foxfire Swarm     |       |       |     1 |       |       ||     1
       Fiery Armour      |       |       |     1 |       |       ||     1
Evoke: Wand              |       |       |       |     4 |     1 ||     5
       Condenser vane    |       |       |       |       |     1 ||     1
  Use: Potion            |       |     1 |     6 |       |       ||     7
       Scroll            |       |       |     5 |     6 |     3 ||    14
 Stab: Sleeping          |       |     3 |     2 |    11 |       ||    16
Armor: Robe              |    33 |    25 |    13 |   144 |    40 ||   255
       Skin              |       |     8 |     4 |       |       ||    12
       Leather armour    |       |       |    34 |    15 |       ||    49
Dodge: Dodged            |    72 |    60 |    96 |   358 |    66 ||   652
Block: Buckler           |       |       |    11 |   129 |    22 ||   162

Levels and vault maps discovered:
D:1:      tarquinn_simple_flora_water_b, layout_basic,
          hellmonk_ecumenical_altar_run_dry, grunt_decor_one_mirror,
          nrook_campfire, chequers_serial_rivers_small_b
D:2:      layout_basic, basic_altar, uniq_terence
D:3:      layout_basic, trog_butcher_becter, serial_shops,
          nicolae_shop_behind_doors, shop_fountains, shop, shop_coins
D:4:      layout_loops_ring
D:5:      layout_basic, nicolae_gozag_zags_fifth_avenue,
          mainiacjoe_overflow_cross_hatched, minmay_temple_entry_slanted,
          uniq_edmund
D:6:      layout_basic, nicolae_overflow_hidden_temple, grunt_decor_resistance,
          minmay_hollow_rounded_squares, uniq_blork_the_orc
D:7:      layout_basic, enter_bailey_4, kennysheep_cross_bottleneck, uniq_maggie
D:8:      layout_cave_pools, chequers_temple_overflow_statue_of_worship
D:9:      layout_loops_corners, nicolae_ashenzari_panopticon,
          kennysheep_mini_moat, uniq_pikel
D:10:     layout_long_grid, slow_altar_1, david_orc_3, serial_shops,
          nicolae_square_shop
D:11:     layout_gridville, lair_entry_dummy, serial_shops,
          nicolae_shop_behind_doors
Temple:   minmay_temple_bridge_abc
Lair:1:   layout_small_grid, basic_altar
Lair:2:   layout_chaotic_city, grunt_megastairs_1, serial_bayou_shore_a
Lair:3:   nzn_winding_woodlands_cross [nzn_winding_woodlands_5x15_garden,
          nzn_winding_woodlands_5x15_crooked, nzn_winding_woodlands_5x15_twine,
          nzn_winding_woodlands_5x15_parted,
          nzn_winding_woodlands_15x15_killbox], layout_regular_city,
          guppyfry_snake_entry_island, spider_nest_entry_funnel_web,
          grunt_forest_small_clearing_treed
Lair:4:   layout_regular_city, wad_woods_road_05, lemuel_fruit_tree, uniq_snorg

Notes
Turn   | Place    | Note
-------+----------+-------------------------------------------
     0 | D:1      | sanka the Gnoll Cinder Acolyte began the quest for the Orb.
     0 | D:1      | Reached XP level 1. HP: 23/23 MP: 4/4
    57 | D:1      | HP: 2/23 [kobold (4)]
   565 | D:1      | Found a faded altar of an unknown god.
   618 | D:1      | Reached XP level 2. HP: 23/29 MP: 5/5
  1390 | D:2      | Learned a level 2 spell: Scorch
  1444 | D:2      | Found a glowing silver altar of Zin.
  1454 | D:2      | Reached XP level 3. HP: 34/35 MP: 7/7
  1767 | D:2      | Reached skill level 1 in Invocations
  1915 | D:2      | Reached skill level 1 in Short Blades
  1915 | D:2      | Reached skill level 1 in Long Blades
  1915 | D:2      | Reached skill level 1 in Axes
  1915 | D:2      | Reached skill level 1 in Polearms
  1915 | D:2      | Reached skill level 1 in Staves
  1915 | D:2      | Reached skill level 1 in Slings
  1915 | D:2      | Reached skill level 1 in Bows
  1915 | D:2      | Reached skill level 1 in Crossbows
  1915 | D:2      | Reached skill level 1 in Throwing
  1915 | D:2      | Reached skill level 1 in Armour
  1915 | D:2      | Reached skill level 1 in Dodging
  1915 | D:2      | Reached skill level 1 in Stealth
  1915 | D:2      | Reached skill level 1 in Shields
  1915 | D:2      | Reached skill level 1 in Unarmed Combat
  1915 | D:2      | Reached skill level 1 in Evocations
  2276 | D:2      | Noticed Terence
  2293 | D:2      | Killed Terence
  2294 | D:2      | Reached skill level 3 in Spellcasting
  2294 | D:2      | Reached XP level 4. HP: 28/41 MP: 1/8
  2527 | D:3      | Found Fumowk's Distillery.
  2544 | D:3      | Bought a potion of heal wounds for 55 gold pieces
  2544 | D:3      | Bought a potion of curing for 33 gold pieces
  2544 | D:3      | Bought a potion of lignification for 33 gold pieces
  2556 | D:3      | Found Orij's Antique Weapon Shop.
  2585 | D:3      | Reached skill level 1 in Conjurations
  2585 | D:3      | Reached skill level 1 in Hexes
  2585 | D:3      | Reached skill level 1 in Summonings
  2585 | D:3      | Reached skill level 1 in Necromancy
  2585 | D:3      | Reached skill level 1 in Translocations
  2585 | D:3      | Reached skill level 1 in Transmutations
  2585 | D:3      | Reached skill level 1 in Ice Magic
  2585 | D:3      | Reached skill level 1 in Air Magic
  2585 | D:3      | Reached skill level 1 in Earth Magic
  2585 | D:3      | Reached skill level 1 in Poison Magic
  2652 | D:3      | Found Neukeum's Magic Scroll Emporium.
  2655 | D:3      | Bought a scroll of identify for 26 gold pieces
  2774 | D:3      | Found the +5 demon whip "Spellbinder" {antimagic, Will+}
  2789 | D:3      | Found Lihumuad's Antique Weapon Shoppe.
  3085 | D:3      | Found a bloodstained altar of Trog.
  3440 | D:3      | Bought a potion of haste for 110 gold pieces
  3473 | D:4      | Noticed a scorpion
  3482 | D:4      | Killed a scorpion
  3483 | D:4      | Reached XP level 5. HP: 27/47 MP: 3/9
  3792 | D:4      | Noticed an ogre
  3812 | D:4      | Killed an ogre
  3813 | D:4      | Reached skill level 2 in Invocations
  3813 | D:4      | Reached XP level 6. HP: 19/53 MP: 3/11
  4222 | D:4      | Reached skill level 2 in Short Blades
  4222 | D:4      | Reached skill level 2 in Long Blades
  4222 | D:4      | Reached skill level 2 in Axes
  4222 | D:4      | Reached skill level 2 in Polearms
  4222 | D:4      | Reached skill level 2 in Staves
  4222 | D:4      | Reached skill level 2 in Slings
  4222 | D:4      | Reached skill level 2 in Bows
  4222 | D:4      | Reached skill level 2 in Crossbows
  4222 | D:4      | Reached skill level 2 in Throwing
  4222 | D:4      | Reached skill level 2 in Armour
  4222 | D:4      | Reached skill level 2 in Dodging
  4222 | D:4      | Reached skill level 2 in Stealth
  4222 | D:4      | Reached skill level 2 in Shields
  4222 | D:4      | Reached skill level 2 in Unarmed Combat
  4222 | D:4      | Reached skill level 2 in Evocations
  4390 | D:7      | Found a flagged portal.
  4422 | Bailey   | Entered a bailey
  4429 | Bailey   | Noticed an orc warrior
  4429 | Bailey   | Noticed an orc knight
  4429 | Bailey   | Noticed an orc warrior
  4441 | Bailey   | Noticed an orc warrior
  4445 | Bailey   | Noticed an orc warrior
  4450 | Bailey   | Noticed an orc warrior
  4477 | Bailey   | Killed an orc warrior
  4478 | Bailey   | Reached XP level 7. HP: 59/59 MP: 1/12
  4488 | Bailey   | Reached skill level 7 in Fighting
  4488 | Bailey   | Reached skill level 7 in Maces & Flails
  4488 | Bailey   | Reached skill level 2 in Conjurations
  4488 | Bailey   | Reached skill level 2 in Hexes
  4488 | Bailey   | Reached skill level 2 in Summonings
  4488 | Bailey   | Reached skill level 2 in Necromancy
  4488 | Bailey   | Reached skill level 2 in Translocations
  4488 | Bailey   | Reached skill level 2 in Transmutations
  4488 | Bailey   | Reached skill level 2 in Ice Magic
  4488 | Bailey   | Reached skill level 2 in Air Magic
  4488 | Bailey   | Reached skill level 2 in Earth Magic
  4488 | Bailey   | Reached skill level 2 in Poison Magic
  4922 | Bailey   | Noticed an orc knight
  5064 | Bailey   | Reached skill level 4 in Spellcasting
  5064 | Bailey   | Reached skill level 3 in Invocations
  5131 | Bailey   | Reached skill level 6 in Fire Magic
  5131 | Bailey   | Reached XP level 8. HP: 15/67 MP: 0/14
  5519 | Bailey   | HP: 2/67 [orc knight (10)]
  5526 | Bailey   | Killed an orc knight
  5527 | Bailey   | Reached skill level 3 in Short Blades
  5527 | Bailey   | Reached skill level 3 in Long Blades
  5527 | Bailey   | Reached skill level 3 in Axes
  5527 | Bailey   | Reached skill level 3 in Polearms
  5527 | Bailey   | Reached skill level 3 in Staves
  5527 | Bailey   | Reached skill level 3 in Slings
  5527 | Bailey   | Reached skill level 3 in Bows
  5527 | Bailey   | Reached skill level 3 in Crossbows
  5527 | Bailey   | Reached skill level 3 in Throwing
  5527 | Bailey   | Reached skill level 3 in Armour
  5527 | Bailey   | Reached skill level 3 in Dodging
  5527 | Bailey   | Reached skill level 3 in Stealth
  5527 | Bailey   | Reached skill level 3 in Shields
  5527 | Bailey   | Reached skill level 3 in Unarmed Combat
  5527 | Bailey   | Reached skill level 3 in Evocations
  6093 | Bailey   | Killed an orc knight
  6094 | Bailey   | Reached skill level 3 in Conjurations
  6094 | Bailey   | Reached skill level 3 in Hexes
  6094 | Bailey   | Reached skill level 3 in Summonings
  6094 | Bailey   | Reached skill level 3 in Necromancy
  6094 | Bailey   | Reached skill level 3 in Translocations
  6094 | Bailey   | Reached skill level 3 in Transmutations
  6094 | Bailey   | Reached skill level 3 in Ice Magic
  6094 | Bailey   | Reached skill level 3 in Air Magic
  6094 | Bailey   | Reached skill level 3 in Earth Magic
  6094 | Bailey   | Reached skill level 3 in Poison Magic
  6094 | Bailey   | Reached skill level 4 in Invocations
  6094 | Bailey   | Reached XP level 9. HP: 18/73 MP: 0/16
  6568 | Bailey   | Reached skill level 4 in Short Blades
  6568 | Bailey   | Reached skill level 4 in Long Blades
  6568 | Bailey   | Reached skill level 4 in Axes
  6568 | Bailey   | Reached skill level 4 in Polearms
  6568 | Bailey   | Reached skill level 4 in Staves
  6568 | Bailey   | Reached skill level 4 in Slings
  6568 | Bailey   | Reached skill level 4 in Bows
  6568 | Bailey   | Reached skill level 4 in Crossbows
  6568 | Bailey   | Reached skill level 4 in Throwing
  6568 | Bailey   | Reached skill level 4 in Armour
  6568 | Bailey   | Reached skill level 4 in Dodging
  6568 | Bailey   | Reached skill level 4 in Stealth
  6568 | Bailey   | Reached skill level 4 in Shields
  6568 | Bailey   | Reached skill level 4 in Unarmed Combat
  6568 | Bailey   | Reached skill level 4 in Evocations
  6781 | D:7      | Reached skill level 5 in Spellcasting
  7013 | D:6      | Noticed Blork the orc
  7020 | D:6      | Killed Blork the orc
  7058 | D:5      | Entered Level 5 of the Dungeon
  7083 | D:5      | Noticed Edmund
  7174 | D:5      | Killed Edmund
  7175 | D:5      | Reached skill level 8 in Fighting
  7175 | D:5      | Reached skill level 8 in Maces & Flails
  7212 | D:5      | Reached skill level 5 in Invocations
  7495 | D:5      | Found a staircase to the Ecumenical Temple.
  7539 | D:5      | Found a stormy altar of Qazlal.
  7894 | D:5      | Found Gozag's Platinum Reserve.
  8020 | D:5      | Found an opulent altar of Gozag.
  8106 | Temple   | Entered the Ecumenical Temple
  8528 | D:3      | Bought a scroll of enchant armour for 97 gold pieces
  8545 | D:3      | Bought 2 potions of haste for 220 gold pieces
  8545 | D:3      | Bought a potion of haste for 110 gold pieces
  8545 | D:3      | Bought a potion of heal wounds for 55 gold pieces
  8878 | D:7      | Reached XP level 10. HP: 72/80 MP: 6/18
  9049 | D:6      | Found a sacrificial altar of Ru.
  9185 | D:6      | Found a large runed translucent door.
  9186 | D:6      | Found a large runed translucent door.
  9248 | D:6      | Reached skill level 4 in Conjurations
  9248 | D:6      | Reached skill level 4 in Hexes
  9248 | D:6      | Reached skill level 4 in Summonings
  9248 | D:6      | Reached skill level 4 in Necromancy
  9248 | D:6      | Reached skill level 4 in Translocations
  9248 | D:6      | Reached skill level 4 in Transmutations
  9248 | D:6      | Reached skill level 4 in Ice Magic
  9248 | D:6      | Reached skill level 4 in Air Magic
  9248 | D:6      | Reached skill level 4 in Earth Magic
  9248 | D:6      | Reached skill level 4 in Poison Magic
  9259 | D:6      | Identified +0 acid dragon scales
  9327 | D:6      | Found the +1 robe of Vines {NoPotionHeal Regen++++}
  9350 | D:6      | Found a large runed translucent door.
  9350 | D:6      | Found a large runed translucent door.
  9368 | D:6      | Reached skill level 5 in Short Blades
  9368 | D:6      | Reached skill level 5 in Long Blades
  9368 | D:6      | Reached skill level 5 in Axes
  9368 | D:6      | Reached skill level 5 in Polearms
  9368 | D:6      | Reached skill level 5 in Staves
  9368 | D:6      | Reached skill level 5 in Slings
  9368 | D:6      | Reached skill level 5 in Bows
  9368 | D:6      | Reached skill level 5 in Crossbows
  9368 | D:6      | Reached skill level 5 in Throwing
  9368 | D:6      | Reached skill level 5 in Armour
  9368 | D:6      | Reached skill level 5 in Dodging
  9368 | D:6      | Reached skill level 5 in Stealth
  9368 | D:6      | Reached skill level 5 in Shields
  9368 | D:6      | Reached skill level 5 in Unarmed Combat
  9368 | D:6      | Reached skill level 5 in Evocations
  9425 | D:6      | Identified the +2 leather armour "Zyoha" {rN+ rCorr MP+9}
  9670 | D:6      | Reached skill level 7 in Fire Magic
 10564 | D:7      | Identified +0 steam dragon scales
 10564 | D:7      | Noticed Maggie
 10575 | D:7      | Killed Maggie
 10576 | D:7      | Reached skill level 6 in Spellcasting
 10734 | D:8      | Reached skill level 6 in Invocations
 10810 | D:8      | Found a glowing silver altar of Zin.
 10811 | D:8      | Found an ancient bone altar of Kikubaaqudgha.
 10812 | D:8      | Found a white marble altar of Elyvilon.
 11257 | D:9      | Reached XP level 11. HP: 87/87 MP: 6/20
 11315 | D:9      | Found a broken altar of Ashenzari.
 11407 | D:9      | Noticed Pikel
 11448 | D:9      | Killed Pikel
 11449 | D:9      | Reached skill level 9 in Fighting
 11449 | D:9      | Reached skill level 6 in Short Blades
 11449 | D:9      | Reached skill level 6 in Long Blades
 11449 | D:9      | Reached skill level 6 in Axes
 11449 | D:9      | Reached skill level 9 in Maces & Flails
 11449 | D:9      | Reached skill level 6 in Polearms
 11449 | D:9      | Reached skill level 6 in Staves
 11449 | D:9      | Reached skill level 6 in Slings
 11449 | D:9      | Reached skill level 6 in Bows
 11449 | D:9      | Reached skill level 6 in Crossbows
 11449 | D:9      | Reached skill level 6 in Throwing
 11449 | D:9      | Reached skill level 6 in Armour
 11449 | D:9      | Reached skill level 6 in Dodging
 11449 | D:9      | Reached skill level 6 in Stealth
 11449 | D:9      | Reached skill level 6 in Shields
 11449 | D:9      | Reached skill level 6 in Unarmed Combat
 11449 | D:9      | Reached skill level 5 in Conjurations
 11449 | D:9      | Reached skill level 5 in Hexes
 11449 | D:9      | Reached skill level 5 in Summonings
 11449 | D:9      | Reached skill level 5 in Necromancy
 11449 | D:9      | Reached skill level 5 in Translocations
 11449 | D:9      | Reached skill level 5 in Transmutations
 11449 | D:9      | Reached skill level 5 in Ice Magic
 11449 | D:9      | Reached skill level 5 in Air Magic
 11449 | D:9      | Reached skill level 5 in Earth Magic
 11449 | D:9      | Reached skill level 5 in Poison Magic
 11449 | D:9      | Reached skill level 6 in Evocations
 11509 | D:9      | Found a shimmering altar of Xom.
 11641 | D:9      | Upgraded the game from 0.28-a0-1389-gc726bef33b to
                  | 0.28-a0-1395-g4f6bc678fa
 11645 | D:9      | Learned a level 3 spell: Frozen Ramparts
 11650 | D:9      | Learned a level 4 spell: Summon Lightning Spire
 12182 | D:10     | Entered Level 10 of the Dungeon
 12293 | D:10     | Noticed a two-headed ogre
 12294 | D:10     | Found a staircase to the Orcish Mines.
 12306 | D:10     | Killed a two-headed ogre
 12597 | D:10     | Reached skill level 7 in Spellcasting
 12636 | D:10     | Reached skill level 7 in Invocations
 12702 | D:10     | Found a snail-covered altar of Cheibriados.
 12883 | D:10     | Found Nalux's Magic Scroll Shop.
 12891 | D:10     | Bought a scroll of magic mapping for 38 gold pieces
 13124 | D:10     | Identified the +5 trident "Xoon" {distort, *Corrode rN+
                  | Int+8}
 13267 | D:11     | Noticed a boulder beetle
 13282 | D:11     | Killed a boulder beetle
 13346 | D:11     | Found a staircase to the Lair.
 13492 | D:11     | Found Seciroic's Book Shop.
 13673 | D:11     | Learned a level 4 spell: Flame Wave
 13904 | D:11     | Identified a scroll of acquirement
 14078 | Lair:1   | Entered Level 1 of the Lair of Beasts
 14154 | Lair:1   | Reached skill level 8 in Fire Magic
 14162 | Lair:1   | Reached XP level 12. HP: 93/96 MP: 7/23
 14313 | Lair:1   | Reached skill level 7 in Short Blades
 14313 | Lair:1   | Reached skill level 7 in Long Blades
 14313 | Lair:1   | Reached skill level 7 in Axes
 14313 | Lair:1   | Reached skill level 7 in Polearms
 14313 | Lair:1   | Reached skill level 7 in Staves
 14313 | Lair:1   | Reached skill level 7 in Slings
 14313 | Lair:1   | Reached skill level 7 in Bows
 14313 | Lair:1   | Reached skill level 7 in Crossbows
 14313 | Lair:1   | Reached skill level 7 in Throwing
 14313 | Lair:1   | Reached skill level 7 in Armour
 14313 | Lair:1   | Reached skill level 7 in Dodging
 14313 | Lair:1   | Reached skill level 7 in Stealth
 14313 | Lair:1   | Reached skill level 7 in Shields
 14313 | Lair:1   | Reached skill level 7 in Unarmed Combat
 14313 | Lair:1   | Reached skill level 7 in Evocations
 14544 | Lair:1   | Found an ornate altar of the Wu Jian Council.
 15399 | Lair:2   | Noticed an eight-headed hydra
 15409 | Lair:2   | Killed an eight-headed hydra
 15410 | Lair:2   | Reached skill level 6 in Conjurations
 15410 | Lair:2   | Reached skill level 6 in Hexes
 15410 | Lair:2   | Reached skill level 6 in Summonings
 15410 | Lair:2   | Reached skill level 6 in Necromancy
 15410 | Lair:2   | Reached skill level 6 in Translocations
 15410 | Lair:2   | Reached skill level 6 in Transmutations
 15410 | Lair:2   | Reached skill level 6 in Ice Magic
 15410 | Lair:2   | Reached skill level 6 in Air Magic
 15410 | Lair:2   | Reached skill level 6 in Earth Magic
 15410 | Lair:2   | Reached skill level 6 in Poison Magic
 15922 | Lair:3   | Found a hole to the Spider Nest.
 15940 | Lair:3   | Reached skill level 8 in Invocations
 16149 | Lair:3   | Reached skill level 8 in Spellcasting
 16181 | Lair:3   | Noticed a five-headed hydra
 16181 | Lair:3   | Noticed a boulder beetle
 16192 | Lair:3   | Killed a five-headed hydra
 16193 | Lair:3   | Reached skill level 10 in Fighting
 16193 | Lair:3   | Reached skill level 10 in Maces & Flails
 16327 | Lair:3   | Noticed a death yak
 16335 | Lair:3   | Noticed a death yak
 16340 | Lair:3   | Noticed a death yak
 16548 | Lair:3   | Killed a boulder beetle
 16549 | Lair:3   | Reached XP level 13. HP: 27/103 MP: 3/25
 16727 | Lair:3   | Found a staircase to the Snake Pit.
 16759 | Lair:3   | Reached skill level 8 in Short Blades
 16759 | Lair:3   | Reached skill level 8 in Long Blades
 16759 | Lair:3   | Reached skill level 8 in Axes
 16759 | Lair:3   | Reached skill level 8 in Polearms
 16759 | Lair:3   | Reached skill level 8 in Staves
 16759 | Lair:3   | Reached skill level 8 in Slings
 16759 | Lair:3   | Reached skill level 8 in Bows
 16759 | Lair:3   | Reached skill level 8 in Crossbows
 16759 | Lair:3   | Reached skill level 8 in Throwing
 16759 | Lair:3   | Reached skill level 8 in Armour
 16759 | Lair:3   | Reached skill level 8 in Dodging
 16759 | Lair:3   | Reached skill level 8 in Stealth
 16759 | Lair:3   | Reached skill level 8 in Shields
 16759 | Lair:3   | Reached skill level 8 in Unarmed Combat
 16759 | Lair:3   | Reached skill level 8 in Evocations
 17306 | Lair:3   | Reached skill level 9 in Invocations
 17446 | Lair:4   | Noticed Snorg
 17463 | Lair:4   | HP: 1/104 [Snorg (12)]
 17468 | Lair:4   | Slain by Snorg

Vanquished Creatures
  2 boulder beetles
  2 hydras
  A two-headed ogre (D:10)
  4 death yaks (Lair:3)
  Pikel (D:9)
  2 orc knights (Bailey)
  A wolf spider (Lair:3)
  7 elephants (Lair:3)
  3 centaur zombies
  3 black mambas
  4 cane toads
  Maggie (D:7)
  11 komodo dragons
  A rime drake (Lair:3)
  4 trolls
  A polar bear (Lair:2)
  A blink frog (Lair:3)
  2 jumping spiders (Lair:3)
  A shadow (D:11)
  A wraith (D:11)
  2 wyverns (Lair:3)
  19 yaks
  A steam dragon (D:10)
  2 vampire mosquitoes (D:10)
  18 water moccasins
  Edmund (D:5)
  3 acid dragons
  A naga (Lair:3)
  12 orc warriors
  2 sky beasts
  A black bear (D:6)
  A necrophage (D:8)
  11 centaurs
  2 ogres
  11 wolves (Lair:3)
  Blork the orc (D:6)
  2 kobold brigands
  A water moccasin zombie (D:5)
  11 bullfrogs
  4 scorpions
  A water moccasin skeleton (D:4)
  4 killer bees (D:11)
  An electric eel (Lair:2)
  3 howler monkeys
  A bullfrog zombie (D:6)
  A lava snake (D:7)
  2 hounds
  2 orc priests
  A centaur skeleton (D:6)
  An iron imp (D:10)
  A jelly (D:4)
  A gnoll shaman (D:8)
  Terence (D:2)
  2 iguanas (D:6)
  9 orc wizards
  A howler monkey zombie (D:10)
  3 adders
  4 gnolls (D:8)
  A shadow imp (D:7)
  A white imp (D:7)
  An ufetubus (D:6)
  An adder zombie (D:5)
  2 worms
  A dart slug (D:1)
  32 orcs
  9 ball pythons
  7 bats
  5 endoplasms
  5 giant cockroaches
  8 goblins
  8 hobgoblins
  5 jackals (D:4)
  2 quokkas
  5 frilled lizards
  23 kobolds
  9 rats
323 creatures vanquished.

Vanquished Creatures (others)
  21 foxfires (Bailey)
  17 fungi
  20 plants
58 creatures vanquished.

Grand Total: 381 creatures vanquished
